 Dungeon Crawl Stone Soup version 0.26-a0-317-ge2f3d4a7ca (webtiles) character file.

Game seed: 12925209650501398398

14507 ANON1729 the Destroyer (level 11, -2/74 HPs)
             Began as a Yellow Draconian Conjurer on July 16, 2020.
             Was an Elder of Vehumet.
             Slain by a vampire (9 damage)
             ... on level 12 of the Dungeon.
             The game lasted 00:46:50 (20825 turns).

ANON1729 the Destroyer (Yellow Draconian Conjurer) Turns: 20825, Time: 00:46:51

Health: -2/74      AC:  8    Str:  9    XL:     11   Next: 89%
Magic:  0/23       EV: 15    Int: 22    God:    Vehumet [****..]
Gold:   737        SH:  8    Dex: 14    Spells: 4/27 levels left

rFire    . . .     SeeInvis +   I - +9 long sword of Linearity {venom, Dex+4}
rCold    . . .     Faith    .   (no shield)
rNeg     . . .     Spirit   +   (armour unavailable)
rPois    .         Reflect  .   (helmet restricted)
rElec    .         Harm     .   e - +0 cloak
rCorr    +                      (no gloves)
MR       .....                  (no boots)
Stlth    +++.......             t - brooch of Shielding {Spirit SH+8}
HPRegen  0.22/turn              (no ring)
MPRegen  0.18/turn              l - ring of see invisible

@: short of breath
A: spit acid, unfitting armour, cold-blooded, acid resistance, AC +7
a: Breathe Acid, Renounce Religion


You were on level 12 of the Dungeon.
You worshipped Vehumet.
Vehumet was greatly pleased with you.
You visited 2 branches of the dungeon, and saw 13 of its levels.
You also visited: Ossuary.

You collected 737 gold pieces.

Inventory:

Hand Weapons
 H - a +3 dagger of distortion
 I - the +9 long sword of Linearity (weapon) {venom, Dex+4}
   (You found it on level 11 of the Dungeon)

   It poisons the flesh of those it strikes.
   It affects your dexterity (+4).
Armour
 e - a +0 cloak (worn)
 y - a +0 pair of gloves
 A - the +18 shield of the Gong {rElec rN+ MR+ EV-5}
   (You found it on level 10 of the Dungeon)

   It affects your evasion (-5).
   It insulates you from electricity.
   It protects you from negative energy.
   It affects your resistance to hostile enchantments.
 K - a cursed +0 pair of boots
Jewellery
 l - a ring of see invisible (right hand)
 t - the brooch of Shielding (around neck) {Spirit SH+8}
   (You found it on level 10 of the Dungeon)

   [amulet of guardian spirit]

   It causes incoming damage to be split between your health and magic.
   It affects your SH (+8).
 J - an uncursed ring of wizardry {unknown}
Wands
 m - a wand of iceblast (6)
 n - a wand of acid (9)
Scrolls
 b - 4 scrolls of blinking
 f - 10 scrolls of teleportation
 h - 4 scrolls of fear {unknown}
 i - 4 scrolls of amnesia
 j - a scroll of immolation {unknown}
 k - 2 scrolls of magic mapping
 o - a scroll of enchant weapon {unknown}
 q - a scroll of remove curse
 s - 3 scrolls of fog {unknown}
 w - a scroll of summoning {unknown}
 x - 7 scrolls of identify
 C - 3 scrolls of vulnerability {unknown}
Potions
 a - 2 potions of haste {unknown}
 c - 2 potions of resistance {unknown}
 d - 4 potions of curing
 g - a potion of heal wounds
 p - 2 potions of ambrosia {unknown}
 r - a potion of cancellation
 u - 2 potions of lignification {unknown}
 v - a potion of magic {unknown}
 z - 3 potions of might {unknown}
 B - 2 potions of flight
 D - a potion of stabbing {unknown}
 E - a potion of brilliance
 F - a potion of invisibility
 G - 3 potions of mutation {unknown}


   Skills:
 + Level 6.0 Dodging
 + Level 6.4 Stealth
 + Level 2.1 Shields
 * Level 8.5 Spellcasting
 * Level 9.9 Conjurations
 + Level 5.4 Hexes
 * Level 6.7 Translocations
 + Level 4.7 Air Magic
 + Level 4.8 Evocations


You had 4 spell levels left.
You knew the following spells:

 Your Spells              Type           Power        Failure   Level
a - Magic Dart            Conj           ####         1%          1
b - Searing Ray           Conj           ######       1%          2
c - Dazzling Flash        Conj/Hex       #####.       1%          3
d - Fulminant Prism       Conj/Hex       #####.....   1%          4
e - Iskenderun's Mystic   Conj/Tloc      #####...     1%          4
f - Shock                 Conj/Air       ####         1%          1
g - Foxfire               Conj/Fire      ####         1%          1
h - Lightning Bolt        Conj/Air       #####.....   2%          5
q - Blink                 Tloc           N/A          1%          2

Your spell library contained the following spells:

 Spells                   Type           Power        Failure   Level
 Slow                     Hex            ####....     1%          2
 Conjure Flame            Conj/Fire      ####....     1%          3
 Mephitic Cloud           Conj/Pois/Air  ####....     1%          3
 Beastly Appendage        Tmut           #.....       7%          1
 Call Imp                 Summ           #.......     11%         2
 Sticks to Snakes         Tmut           #.......     11%         2
 Spider Form              Tmut/Pois      #.........   22%         3
 Ice Form                 Ice/Tmut       #.......     56%         4
 Blade Hands              Tmut           #.........   89%         5


Dungeon Overview and Level Annotations

Branches:
Dungeon (12/15)            Temple (1/1) D:6            Lair (0/6) D:8
    Orc (0/2) D:9         Ossuary (visited)

Altars:
Ashenzari
Cheibriados
Dithmenos
Elyvilon
Fedhas
Gozag
Hepliaklqana
Kikubaaqudgha
Makhleb
Nemelex Xobeh
Okawaru
Qazlal
Ru
Sif Muna
Trog
Uskayaw
Vehumet
Wu Jian
Xom
Yredelemnul
Zin
The Shining One

Shops:
D:4 !   D:8 :   D:10 =

Annotations:
D:3 2 transporters, stillor's ghost, amateur GnWz
D:10 4 runed translucent doors


Innate Abilities, Weirdness & Mutations

You can spit globs of acid.
Your golden yellow scales are hard. (AC +7)
You cannot fit into any form of body armour.
You are cold-blooded and may be slowed by cold attacks.
You are resistant to acid. (rCorr)


Message History

The vampire is almost destroyed.
Unknown command.
Casting: Searing Ray (safe; 1% risk of failure)
Confirm with . or Enter, or press ? or * to list all spells.
Aiming: Searing Ray (safe; 1% risk of failure)
Press: ? - help, Shift-Dir - straight line, f - vampire
Aim: a vampire (almost destroyed, slightly transparent)
Okay, then.
Casting: Searing Ray (safe; 1% risk of failure)
Confirm with . or Enter, or press ? or * to list all spells.
Aiming: Searing Ray (safe; 1% risk of failure)
Press: ? - help, Shift-Dir - straight line, f - vampire
Aim: a vampire (almost destroyed, slightly transparent)
The searing ray hits the vampire but does no damage.
The vampire is almost destroyed. (Press . to maintain the ray.)
The unseen horror hits you.
* * * LOW HITPOINT WARNING * * *
You block the vampire's attack. The vampire bites you!
You die...

######.# #..#
#..####...####.#
# #.### #..# #..#
#........# #
##...# #..# #..#
#......<.# #
#..#.# #..# #..#
#..#####.# #
#.##.###### ##.#
#..# #.# #
#.#.#.###### #.#
#..# #.# #
#..#.#.#.#.## #.#
#..# #.# #
###.#.#.#.#V###.#
#..# #.# #
##.#.....#@##.#
#..# #.# #
##..$..†.#####
#..# #.# #
#†#..$.x#.# #..#
#.# #
##....[..#.# #..#
#.# #
#.#.....#.#.#
#..# #.# #
##.#.#.#.x.).#
##.# #.# #
##.#.#..[..[.#
#.# #.# #
####.#..?..#.#
#.# #.# # #
)..[..##
#.#####.#


You could see an unseen horror (invisible) and a vampire (invisible).

Vanquished Creatures
  Harold (D:9)
  A sea snake (shapeshifter) (D:12)
  2 unseen horrors (D:12)
  3 ugly things
  2 manticores
  Psyche (D:11)
  Maggie (D:9)
  A yaktaur (D:10)
  An efreet (D:10)
  4 trolls
  A hippogriff (D:8)
  Sigmund (D:5)
  A vampire (D:12)
  A wraith (D:12)
  A wyvern (D:8)
  6 yaks (D:7)
  A basilisk (D:12)
  Menkaure (D:4)
  3 orc warriors
  2 ice beasts
  A black bear (D:11)
  5 phantoms
  4 sky beasts
  A necrophage (Temple)
  2 ogres
  5 centaurs
  3 big kobolds
  10 bullfrogs
  2 elf zombies (Ossuary)
  A water moccasin zombie (D:8)
  A wyvern skeleton (D:7)
  7 scorpions
  17 wights
  10 electric eels
  4 bullfrog zombies
  4 centaur zombies (Ossuary)
  4 hounds
  Crazy Yiuf (D:6)
  A jelly (D:12)
  8 orc priests
  10 orc wizards
  A bullfrog skeleton (D:4)
  Natasha (thrice) (D:3)
  3 iguanas
  15 worker ants
  An ogre zombie (Ossuary)
  A big kobold zombie (Ossuary)
  A hound zombie (D:5)
  A hound skeleton (D:10)
  8 mummies
  A howler monkey zombie (D:11)
  7 gnolls
  15 adders
  A howler monkey skeleton (D:5)
  A shadow imp (D:10)
  4 white imps
  3 ufetubi
  An ooze (D:2)
  An adder skeleton (D:4)
  7 adder zombies (Ossuary)
  3 worms
  2 dart slugs
  3 leopard geckos
  35 orcs
  2 ball pythons
  11 bats
  8 giant cockroaches
  15 goblins
  12 hobgoblins
  25 jackals
  21 kobolds
  4 quokkas
  3 frilled lizards
  A giant cockroach zombie (D:5)
  5 goblin zombies (Ossuary)
  3 hobgoblin zombies (Ossuary)
  A jackal skeleton (D:6)
  2 kobold zombies (Ossuary)
  An orc zombie (Ossuary)
  A quokka skeleton (D:5)
  A quokka zombie (Ossuary)
  12 rats
  3 rat zombies (Ossuary)
385 creatures vanquished.

Vanquished Creatures (others)
  61 fulminant prisms
  A plant (D:8)
62 creatures vanquished.

Grand Total: 447 creatures vanquished

Notes
Turn   | Place    | Note
-------+----------+-------------------------------------------
     0 | D:1      | ANON1729 the Draconian Conjurer began the quest for the
                  | Orb.
     0 | D:1      | Reached XP level 1. HP: 14/14 MP: 3/3
   814 | D:1      | Reached XP level 2. HP: 12/20 MP: 5/5
  1544 | D:1      | Reached XP level 3. HP: 26/26 MP: 6/6
  2421 | D:2      | Reached XP level 4. HP: 28/33 MP: 3/8
  3377 | D:2      | Found a white marble altar of Elyvilon.
  3379 | D:2      | Found a shimmering altar of Xom.
  3379 | D:2      | Found an ornate altar of the Wu Jian Council.
  3381 | D:2      | Found a burning altar of Makhleb.
  3381 | D:2      | Found a glowing golden altar of the Shining One.
  3381 | D:2      | Found a snail-covered altar of Cheibriados.
  3510 | D:2      | Found a bloodstained altar of Trog.
  3723 | D:3      | Reached XP level 5. HP: 4/38 MP: 4/9
  4004 | D:3      | Learned a level 2 spell: Searing Ray
  4008 | D:3      | Learned a level 3 spell: Dazzling Flash
  4039 | D:3      | Learned a level 4 spell: Fulminant Prism
  4079 | D:3      | Reached skill level 5 in Conjurations
  4113 | D:3      | Noticed Natasha
  4134 | D:3      | Killed Natasha
  4164 | D:3      | Noticed Natasha
  4363 | D:3      | Killed Natasha
  4366 | D:3      | Noticed Natasha
  4371 | D:3      | Killed Natasha
  4462 | D:3      | Found a glowing golden altar of the Shining One.
  4613 | D:3      | Found a transporter.
  4617 | D:3      | Found a transporter.
  4617 | D:3      | Noticed stillor's ghost (amateur GnWz)
  5613 | D:4      | Reached XP level 6. HP: 45/45 MP: 8/11
  5801 | D:4      | Reached skill level 1 in Hexes
  5817 | D:4      | Noticed Menkaure
  6088 | D:4      | Killed Menkaure
  6247 | D:4      | Your scales start taking on a golden yellow colour.
  6247 | D:4      | Reached XP level 7. HP: 50/50 MP: 13/13
  6247 | D:4      | Gained mutation: You are resistant to acid. (rCorr) [Yellow
                  | Draconian growth]
  6249 | D:4      | Found a shattered altar of Ashenzari.
  6523 | D:4      | Found Nuipt's Distillery.
  7016 | D:5      | Entered Level 5 of the Dungeon
  7025 | D:5      | Reached skill level 6 in Conjurations
  7530 | D:5      | Found a radiant altar of Vehumet.
  7555 | D:5      | Became a worshipper of Vehumet
  7709 | D:5      | Reached skill level 5 in Spellcasting
  7709 | D:5      | Reached XP level 8. HP: 44/57 MP: 1/15
  7900 | D:5      | Noticed Sigmund
  7910 | D:5      | Killed Sigmund
  8076 | D:5      | Reached * piety under Vehumet
  8076 | D:5      | Offered knowledge of Shock by Vehumet.
  8079 | D:5      | Learned a level 1 spell: Shock
  8084 | D:5      | Learned a level 4 spell: Iskenderun's Mystic Blast
  8087 | D:5      | Learned a level 2 spell: Blink
  9090 | D:5      | Reached skill level 7 in Conjurations
  9097 | D:5      | HP: 1/57 [bullfrog (3)]
  9102 | D:5      | Reached skill level 1 in Evocations
  9882 | D:6      | Reached skill level 1 in Translocations
  9906 | D:6      | Found a staircase to the Ecumenical Temple.
  9915 | Temple   | Entered the Ecumenical Temple
  9929 | Temple   | Reached ** piety under Vehumet
  9929 | Temple   | Offered knowledge of Foxfire by Vehumet.
  9936 | Temple   | Learned a level 1 spell: Foxfire
 10160 | D:6      | Reached skill level 1 in Air Magic
 10169 | D:6      | Reached XP level 9. HP: 27/60 MP: 11/17
 10276 | D:6      | Found a blossoming altar of Fedhas.
 10514 | D:6      | Found a runed translucent door.
 10515 | D:6      | Noticed Crazy Yiuf
 10842 | D:6      | Found a glowing silver altar of Zin.
 11026 | D:6      | Killed Crazy Yiuf
 11084 | D:7      | Offered knowledge of Ignite Poison by Vehumet.
 11337 | D:7      | Found a sand-covered staircase.
 11375 | Ossuary  | Entered an ossuary
 11509 | Ossuary  | Reached *** piety under Vehumet
 11723 | Ossuary  | Offered knowledge of Olgreb's Toxic Radiance by Vehumet.
 11997 | Ossuary  | Reached skill level 8 in Conjurations
 12111 | Ossuary  | Reached skill level 5 in Stealth
 12667 | D:7      | Reached XP level 10. HP: 59/67 MP: 13/20
 12677 | D:7      | Reached skill level 5 in Dodging
 13360 | D:7      | Reached **** piety under Vehumet
 13863 | D:8      | Offered knowledge of Bolt of Magma by Vehumet.
 14409 | D:8      | Found a snail-covered altar of Cheibriados.
 14677 | D:8      | Found Lelo's Book Emporium.
 14843 | D:8      | Found a staircase to the Lair.
 15340 | D:9      | Found an ancient bone altar of Kikubaaqudgha.
 15342 | D:9      | Noticed Maggie
 15361 | D:9      | Killed Maggie
 15873 | D:9      | Found a staircase to the Orcish Mines.
 15879 | D:9      | Reached skill level 5 in Translocations
 15938 | D:9      | Noticed Harold
 15959 | D:9      | Killed Harold
 15959 | D:9      | Reached skill level 9 in Conjurations
 16752 | D:10     | Entered Level 10 of the Dungeon
 17360 | D:10     | Found a huge runed translucent gate.
 17360 | D:10     | Found a huge runed translucent gate.
 17360 | D:10     | Found a huge runed translucent gate.
 17360 | D:10     | Found a huge runed translucent gate.
 17361 | D:10     | Noticed a manticore
 17418 | D:10     | Found the +18 shield of the Gong {rElec rN+ MR+ EV-5}
 17419 | D:10     | Noticed a brown ugly thing
 17419 | D:10     | Noticed a manticore
 17420 | D:10     | Found the brooch of Shielding {Spirit SH+8}
 17424 | D:10     | Killed a manticore
 17424 | D:10     | Reached XP level 11. HP: 55/72 MP: 12/22
 17425 | D:10     | Reached ***** piety under Vehumet
 17425 | D:10     | Offered knowledge of Lightning Bolt by Vehumet.
 17427 | D:10     | Killed a brown ugly thing
 17454 | D:10     | Got a bloodstained hand crossbow
 17550 | D:10     | Found Cipnaotu's Jewellery Emporium.
 17560 | D:10     | Learned a level 5 spell: Lightning Bolt
 17560 | D:10     | Identified the +8 hand crossbow of Distraction {vorpal,
                  | Dex+4} (You found it on level 10 of the Dungeon)
 17889 | D:11     | Noticed Psyche
 17899 | D:11     | Killed Psyche
 18155 | D:11     | Found a glowing silver altar of Zin.
 18168 | D:11     | Got a pitted long sword
 18169 | D:11     | Identified the +9 long sword of Linearity {venom, Dex+4}
                  | (You found it on level 11 of the Dungeon)
 18718 | D:11     | Reached skill level 5 in Hexes
 19355 | D:11     | Reached skill level 1 in Shields
 19624 | D:12     | Noticed a brown ugly thing
 19641 | D:12     | Killed a brown ugly thing
 20158 | D:12     | Noticed a cyan ugly thing
 20167 | D:12     | Killed a cyan ugly thing
 20304 | D:12     | Noticed a sea snake
 20313 | D:12     | Killed a sea snake
 20350 | D:12     | Noticed a green ugly thing
 20768 | D:12     | Noticed an unseen horror
 20784 | D:12     | Killed an unseen horror
 20807 | D:12     | Noticed an unseen horror
 20808 | D:12     | Noticed an unseen horror
 20817 | D:12     | Killed an unseen horror
 20825 | D:12     | Slain by a vampire

Illustrated notes

Levels and vault maps discovered:
D:1:      eino_arrival_cavern_b, layout_loops_ring
D:2:      layout_loops_cross, doesnt_xom_only_xom,
          lemuel_coloured_pillars_altar, kennysheep_another_room, minmay_vboxes
D:3:      layout_basic, tso_altar, gammafunk_ghost_arena, uniq_natasha
D:4:      minmay_inner_zag, layout_cave_pods, nicolae_ashenzari_panopticon,
          serial_shops, kennysheep_little_box, uniq_menkaure
D:5:      layout_basic, kennysheep_mini_moat, lemuel_flamethrower_1,
          uniq_sigmund
D:6:      layout_cave_pools, nicolae_overflow_hidden_temple,
          nicolae_overflow_crystal_walls, minmay_temple_entry_sparse_star,
          uniq_crazy_yiuf_cottage
D:7:      layout_basic, gup_ossuary_entry_pyramid, kennysheep_generic_room_13
D:8:      layout_cave_pools, slow_altar_1, dpeg_oklobed_lair, serial_bayou,
          serial_bayou_shore_a, serial_bayou_pond_a, serial_bayou_pond_e,
          serial_bayou_lagoon_a, serial_bayou_ford_a, serial_shops, shop_statue
D:9:      layout_stronghold, orc_0_dummy, basic_altar, grunt_ministairs_9,
          uniq_maggie, uniq_harold
D:10:     lemuel_bear_cage, layout_loops_ring, serial_shops, shop,
          minmay_misc_feat_columns, minmay_radiant
D:11:     layout_basic, basic_altar, hangedman_decor_riveting, uniq_psyche
D:12:     layout_long_grid, st_stairs_13, hangedman_batty
Temple:   jpeg_temple_clearing

Skill      XL: |  1  2  3  4  5  6  7  8  9 10 11 |
---------------+----------------------------------+-----
Stealth        | 2 3 4 5 6 |  6.4
Dodging        | 2 3 4 5 6 |  6.0
Spellcasting   | 3 4 5 6 7 8 |  8.5
Conjurations   | 5 6 7 8 9 |  9.9
Hexes          | 1 2 3 4 5 |  5.4
Evocations     | 1 2 3 4 |  4.8
Translocations | 1 3 5 6 |  6.7
Air Magic      | 1 2 3 4 |  4.7
Shields        | 2 |  2.1

Action                   |  1- 3 |  4- 6 |  7- 9 | 10-12 || total
-------------------------+-------+-------+-------+-------++-------
Melee: Whip              |   175 |   224 |   141 |       ||   540
       Tailslap          |     3 |    25 |    35 |    10 ||    73
       Flail             |       |       |   110 |       ||   110
       Short sword       |       |       |   164 |    15 ||   179
       Scimitar          |       |       |       |    78 ||    78
       Long sword        |       |       |       |    64 ||    64
 Cast: Magic Dart        |     9 |    35 |    65 |    31 ||   140
       Searing Ray       |       |     8 |    41 |    47 ||    96
       Fulminant Prism   |       |       |     6 |    55 ||    61
       Iskenderun's Myst |       |       |     1 |     6 ||     7
 Abil: Breathe Acid      |       |       |    16 |     8 ||    24
Evoke: Wand              |       |       |     1 |     2 ||     3
  Use: Potion            |     1 |     6 |       |     1 ||     8
       Scroll            |       |     7 |     3 |     2 ||    12
 Stab: Sleeping          |     5 |     5 |    19 |     9 ||    38
       Distracted        |       |       |       |     1 ||     1
Armor: Skin              |    65 |    80 |   201 |    69 ||   415
Dodge: Dodged            |   131 |   130 |   529 |   180 ||   970
Block: Other             |       |       |       |    37 ||    37
       Rpst.: Scimitar   |       |       |       |    27 ||    27
       Long sword        |       |       |       |    15 ||    15

Table legend:
 A = Non-vault XP
 B = Vault XP
 C = Vault XP percentage of total XP
 D = Non-vault monster count
 E = Vault monster count
 F = Vault count percentage of total count
                 A         B        C        D         E       F
            +---------+---------+-------+---------+---------+-------
      Total |   13796 |    6929 |  33.4 |     311 |      74 |  19.2
            +---------+---------+-------+---------+---------+-------
        D:1 |      46 |       0 |   0.0 |      27 |       0 |   0.0
        D:2 |      74 |      25 |  25.3 |      25 |       8 |  24.2
        D:3 |     155 |      36 |  18.8 |      20 |       1 |   4.8
        D:4 |     269 |     221 |  45.1 |      10 |       4 |  28.6
        D:5 |    1291 |     220 |  14.6 |      52 |       1 |   1.9
        D:6 |     905 |      42 |   4.4 |      32 |       1 |   3.0
        D:7 |    2700 |     108 |   3.8 |      45 |       2 |   4.3
        D:8 |    1456 |       5 |   0.3 |      26 |       1 |   3.7
        D:9 |     598 |    1417 |  70.3 |      12 |       2 |  14.3
       D:10 |     631 |    1725 |  73.2 |      14 |       4 |  22.2
       D:11 |    2119 |     434 |  17.0 |      25 |       1 |   3.8
       D:12 |    3429 |    2092 |  37.9 |      21 |      12 |  36.4
     Temple |     123 |       0 |   0.0 |       2 |       0 |   0.0
    Ossuary |       0 |     604 | 100.0 |       0 |      37 | 100.0
            +---------+---------+-------+---------+---------+-------
